 Dungeon Crawl Stone Soup version 0.30-a0-141-g30f27751c5 (webtiles) character file.

Game seed: 5097017991928677280

140691 Zonian the Dancer (level 17, -8/89 HPs)
             Began as a Vine Stalker Brigand on Sept 25, 2022.
             Was a High Priest of Uskayaw.
             Mangled by a guardian serpent (13 damage)
             ... on level 1 of the Snake Pit.
             The game lasted 01:39:33 (25598 turns).

Zonian the Dancer (Vine Stalker Brigand)           Turns: 25598, Time: 01:39:34

Health: -8/89      AC: 21    Str: 18    XL:     17   Next: 31%
Magic:  0/38       EV: 11    Int: 19    God:    Uskayaw [*****.]
Gold:   450        SH: 14    Dex: 21    Spells: 21/26 levels left

rFire   + . .      SeeInvis .    c - +9 dagger of War {drain, rPois rF+ Dex-3}
rCold   . . .      Faith    .    e - +3 buckler {AC+3}
rNeg    . . .      Spirit   +    r - +1 ring mail "Qeupsam" {Drain rElec rPois Int+6}
rPois   +          Reflect  +    W - +1 helmet
rElec   +          Harm     .    l - +0 cloak of Objectivity {+Inv Regen+}
rCorr   .          Rampage  ∞    V - +2 pair of gloves
Will    ++...                    P - +3 pair of seven-league boots {Rampage+∞}
Stlth   ++++......               b - amulet of reflection
HPRegen 1.84/turn                O - ring of magical power
MPRegen 0.26/turn                X - +6 ring of dexterity

@: animating dead, constricted
A: fangs 3, regeneration 1, magic shield, antimagic bite, no potion heal 2
a: Renounce Religion, Evoke Invisibility, Stomp, Line Pass, Grand Finale


You were on level 1 of the Snake Pit.
You worshipped Uskayaw.
Uskayaw was pleased with you.
You visited 5 branches of the dungeon, and saw 24 of its levels.
You also visited: Ossuary, Bailey and Gauntlet.

You collected 2899 gold pieces.
You spent 2449 gold pieces at shops.

Inventory:

Hand Weapons
 c - the +9 dagger of War (weapon) {drain, rPois rF+ Dex-3}
   (You found it on level 13 of the Dungeon)

   A truly terrible weapon, it drains the life of any living foe it strikes.
   Dex:       It affects your dexterity (-3).
   rF:        It protects you from fire.
   rPois:     It protects you from poison.
 t - the +7 Throatcutter {drain, coup de grace}
   (You found it on level 2 of the Dungeon)

   A truly terrible weapon, it drains the life of any living foe it strikes.
   It may instantly kill foes which have little health.
 z - the +0 rapier of the Little People {protect, *Rage rF- Will+++ rCorr}
   (You bought it in a shop on level 11 of the Dungeon)

   It grants its wielder temporary protection when it strikes (+7 to AC).
   rF:        It makes you vulnerable to fire.
   *Rage:     It berserks you when you make melee attacks (+20% chance).
   rCorr:     It protects you from acid and corrosion.
   Will:      It greatly increases your willpower.
Missiles
 o - 4 silver javelins
 q - 31 poisoned darts (quivered)
 u - 18 curare-tipped darts
 E - 6 throwing nets
 H - 4 boomerangs of dispersal
 J - 12 javelins
Armour
 a - a scarf of resistance
 e - a +3 buckler of protection (worn)
 l - the +0 cloak of Objectivity (worn) {+Inv Regen+}
   (You found it in a Gauntlet)

   +Inv:      It lets you turn invisible.
   Regen:     It increases your rate of health regeneration.
 r - the +1 ring mail "Qeupsam" (worn) {Drain rElec rPois Int+6}
   (You took it off a minotaur in a Gauntlet)

   Int:       It affects your intelligence (+6).
   rElec:     It insulates you from electricity.
   rPois:     It protects you from poison.
   Drain:     It drains your maximum health when unequipped.
 P - the +3 pair of seven-league boots (worn) {Rampage+∞}
   (You acquired it in a bailey)

   Its wearer moves as far as possible in that direction when moving towards
   enemies.
 S - the +6 scale mail "Wuck" {Stlth+}
   (You bought it in a shop on level 1 of the Orcish Mines)

   Stlth:     It makes you more stealthy.
 V - a +2 pair of gloves (worn)
 W - a +1 helmet (worn)
 Z - a +3 buckler
Jewellery
 b - an amulet of reflection (around neck)
 j - a ring of poison resistance
 k - a ring of fire
 w - a ring of protection from cold
 y - a ring of flight
 L - an amulet of magic regeneration
 O - a ring of magical power (left hand)
 X - a +6 ring of dexterity (right hand)
Wands
 g - a wand of digging (5)
 v - a wand of polymorph (5)
 K - a wand of paralysis (18)
 M - a wand of flame (27)
 N - a wand of roots (14)
Scrolls
 i - 12 scrolls of teleportation
 s - 3 scrolls of magic mapping
 x - 7 scrolls of fear
 D - 4 scrolls of enchant armour
 F - 2 scrolls of enchant weapon
 Q - 3 scrolls of butterflies
 R - 3 scrolls of poison
Potions
 d - 4 potions of invisibility
 h - a potion of ambrosia
 m - 6 potions of haste
 n - 6 potions of cancellation
 p - 7 potions of flight
 A - 4 potions of magic
 B - 11 potions of curing
 C - 5 potions of might
 G - 4 potions of brilliance
 I - a potion of resistance
 T - 3 potions of lignification
Miscellaneous
 f - a phantom mirror
 Y - a condenser vane


   Skills:
 - Level 10.0 Fighting
 - Level 2.1(9.2) Short Blades
 - Level 13.9(14.0) Long Blades
 - Level 0.1 Maces & Flails
 - Level 5.0 Throwing
 - Level 5.0 Armour
 + Level 6.5 Dodging
 - Level 10.0 Stealth
 - Level 4.0 Shields
 - Level 5.0 Spellcasting
 - Level 10.0 Necromancy
 - Level 15.0 Invocations
 + Level 6.3 Evocations


You had 21 spell levels left.
You knew the following spells:

 Your Spells              Type           Power      Damage    Failure   Level
a - Necrotise             Necr           100%       1d9       1%          1
b - Animate Dead          Necr           42%        N/A       4%          4

Your spell library contained the following spells:

 Spells                   Type           Power      Damage    Failure   Level
 Dispel Undead            Necr           42%        3d17      4%          4
 Apportation              Tloc           8%         N/A       26%         1
 Foxfire                  Conj/Fire      16%        2x1d4     26%         1
 Freeze                   Ice            16%        1d4       26%         1
 Summon Small Mammal      Summ           16%        N/A       26%         1
 Call Imp                 Summ           4%         N/A       38%         2
 Scorch                   Fire           8%         2d5       38%         2
 Static Discharge         Conj/Air       8%         2-3/arc   38%         2
 Death Channel            Necr           21%        N/A       56%         6
 Frozen Ramparts          Ice            8%         1d2       63%         3
 Inner Flame              Hex/Fire       4%         N/A       63%         3
 Kindle Blastsparks       Fire/Tloc/Air  8%         2d10      63%         3
 Portal Projectile        Hex/Tloc       8%         N/A       63%         3
 Tukima's Dance           Hex            4%         N/A       63%         3
 Borgnjor's Vile Clutch   Necr/Erth      11%        N/A       67%         5
 Flame Wave               Conj/Fire      4%         2d5       95%         4
 Hailstorm                Conj/Ice       4%         3d4       95%         4
 Sticky Flame             Conj/Fire      4%         2d3       95%         4
 Summon Ice Beast         Ice/Summ       4%         N/A       95%         4
 Summon Lightning Spire   Summ/Air       4%         N/A       95%         4
 Arcjolt                  Conj/Air       2%         1d12      100%        5
 Blade Hands              Tmut           2%         N/A       100%        5
 Lightning Bolt           Conj/Air       2%         1d13      100%        5
 Summon Mana Viper        Hex/Summ       4%         N/A       100%        5
 Dispersal                Tloc           2%         N/A       100%        6
 Summon Cactus Giant      Summ           2%         N/A       100%        6
 Monstrous Menagerie      Summ           2%         N/A       100%        7
 Spellforged Servitor     Conj/Summ      2%         N/A       100%        7
 Storm Form               Tmut/Air       2%         N/A       100%        7
 Disjunction              Tloc           2%         N/A       100%        8
 Maxwell's Capacitive Co  Air            2%         ∞         100%        8
 Dragon's Call            Summ           2%         N/A       100%        9


Dungeon Overview and Level Annotations

Branches:
Dungeon (15/15)            Temple (1/1) D:7            Lair (5/5) D:11
 Shoals (0/4) Lair:3        Snake (1/4) Lair:3        Slime (0/5) Lair:4
    Orc (2/2) D:9             Elf (0/3) Orc:2        Vaults (0/5) D:13
 Depths (0/4) D:15        Ossuary (visited)          Bailey (visited)
Gauntlet (visited)

Altars:
Ashenzari
Cheibriados
Dithmenos
Elyvilon
Fedhas
Makhleb
Nemelex Xobeh
Qazlal
Ru
Sif Muna
Trog
Uskayaw
Vehumet
Xom
Yredelemnul
Zin
The Shining One
Jiyva

Shops:
D:4 ?   D:6 =   D:11 [(   Orc:1 [   Orc:2 =?*?

Annotations:
D:11 3 runed translucent doors, Tilon's ghost, journeyman DECj
Lair:1 exclusion: ice statue


Innate Abilities, Weirdness & Mutations

You have razor-sharp teeth.
Your natural rate of healing is unusually fast.
When hurt, damage is shared between your health and your magic reserves.
Your bite disrupts and absorbs the magic of your enemies.
Potions cannot restore your health.


Message History

The black mamba bites you!
Unknown command.
You barely miss the naga warrior.
The naga warrior is moderately wounded.
Your shock serpent zombie bites the shock serpent.
The guardian serpent barely misses you.
The naga warrior hits you but does no damage.
Your black mamba zombie bites the black mamba.
The naga warrior spits poison at you. The splash of poison misses you.
The naga warrior constricts you. The shock serpent bites you.
The shock serpent shocks you. You resist. The black mamba barely misses you.
You barely miss the naga warrior.
The naga warrior is moderately wounded.
Your naga zombie hits the guardian serpent.
Your naga zombie constricts the guardian serpent.
You block the guardian serpent's attack.
Your salamander zombie hits the black mamba.
Your shock serpent zombie bites the shock serpent!
The shock serpent's electric aura discharges, shocking your shock serpent zombie!
Your black mamba zombie bites the black mamba.
You closely miss the naga warrior.
The naga warrior is moderately wounded.
The black mamba bites you!
You are poisoned.
The black mamba poisons you! You block the shock serpent's attack.
The naga warrior roars a battlecry!
The naga warrior goes into a battle-frenzy!
The naga warrior hits you with a +0 battleaxe!!
* * * LOW HITPOINT WARNING * * *
The naga warrior constricts you. The guardian serpent hits you!!
* * * LOW HITPOINT WARNING * * *
Your shock serpent zombie bites the shock serpent.
Okay, then.
Your system rejects the healing.
You feel better. You block the black mamba's attack.
Your black mamba zombie barely misses the black mamba.
You block the shock serpent's attack. You block the black mamba's attack.
The guardian serpent hits you!
You die...

#.... .. #...?
###'### .#.####....
##.....## ...........
##...⌠...##
...####.###
#.........## ##.#
..⌠..>..⌠..## #..#
......NSZ...## #.##
.....⌠S@ZZ...######.#
..#..ZSN#ZZ...#.....#
#...Z.#..⌠..##.)..#
#..⌠..##.....#[...#
#.....##.Z...#....#
#.....##.....#.####
#.....###)#)##.#
##'#'## #...##.#
##.))..#


You could see 2 naga warriors, a shock serpent (ally target), a guardian
serpent, a black mamba, a friendly black mamba zombie, 3 friendly naga zombies,
a friendly naga mage zombie, a friendly salamander zombie and a friendly shock
serpent zombie.

Vanquished Creatures
  Kirke (Snake:1)
  An orc warlord (Orc:1)
  A stone giant (D:15)
  A minotaur (Gauntlet)
  A fire dragon (D:14)
  2 vault guards (D:13)
  3 boulder beetles
  5 hydras
  2 anacondas (Snake:1)
  7 centaur warriors
  A boulder beetle (shapeshifter) (Gauntlet)
  4 ogre magi (Orc:2)
  17 two-headed ogres
  6 death yaks (Lair:2)
  A merfolk avatar (Lair:5)
  2 naga warriors (Snake:1)
  3 tengu warriors
  Urug (Orc:1)
  A shock serpent (Snake:1)
  Nergalle (Orc:1)
  An orc high priest (Orc:2)
  A sixfirhy (Gauntlet)
  2 deep trolls (D:15)
  A naga ritualist (Snake:1)
  2 lindwurms (D:15)
  A harpy (Lair:5)
  An orc knight (Orc:2)
  2 necromancers (D:15)
  6 deep elf pyromancers
  A mana viper (Snake:1)
  9 ugly things
  2 salamanders (Snake:1)
  4 cyclopes
  6 manticores
  3 orc sorcerers (Orc:1)
  13 elephants
  Joseph (D:10)
  10 black mambas
  A naga mage (Snake:1)
  A torpor snail (Lair:5)
  A gargoyle (D:12)
  3 unseen horrors
  5 kobold demonologists
  An efreet (D:14)
  5 rime drakes
  7 komodo dragons
  A cane toad (shapeshifter) (Gauntlet)
  3 freezing wraiths (D:14)
  16 cane toads
  An ice devil (Gauntlet)
  A tengu conjurer (D:15)
  A merfolk (Lair:3)
  3 polar bears (Lair:5)
  7 trolls
  4 wind drakes (Lair:5)
  Grinder (D:5)
  4 blink frogs
  4 hornets
  2 tyrant leeches (D:15)
  8 slime creatures
  A snapping turtle (Lair:5)
  23 dream sheep
  12 spriggans (D:14)
  2 vampires
  18 yaks
  9 humans (D:13)
  3 fire bats (D:15)
  2 wraiths
  7 wyverns
  Sigmund (D:3)
  Grum (D:9)
  7 hogs (Snake:1)
  A basilisk (shapeshifter) (Gauntlet)
  9 basilisks
  4 steam dragons
  Edmund (D:4)
  9 vampire mosquitoes (D:13)
  3 wargs
  10 nagas
  21 water moccasins
  2 acid dragons (D:12)
  26 orc warriors
  2 ice beasts
  3 sky beasts
  A swamp drake (D:11)
  4 black bears
  26 ogres
  A boggart (shapeshifter) (Gauntlet)
  3 boggarts (D:14)
  13 centaurs
  14 wolves
  4 phantoms
  6 kobold brigands
  9 bullfrogs
  A gnoll sergeant (D:9)
  Blork the orc (D:5)
  4 scorpions
  3 water moccasin zombies (Ossuary)
  A necrophage (D:5)
  5 wights (D:9)
  5 howler monkeys
  A vampire bat (D:15)
  7 electric eels
  5 hounds
  4 jellies (D:15)
  A human zombie (D:5)
  8 orc priests
  2 iguanas
  17 orc wizards
  Terence (D:3)
  Natasha (thrice) (D:2)
  9 hell rats
  2 mummies (Ossuary)
  4 adders
  24 gnolls
  4 river rats (D:15)
  2 white imps (Gauntlet)
  5 ufetubi
  4 adder zombies (Ossuary)
  8 worms (D:15)
  2 dart slugs
  53 orcs
  9 bats
  12 endoplasms
  A giant cockroach (D:1)
  4 gnoll zombies (Ossuary)
  11 goblins
  18 hobgoblins
  4 jackals
  2 quokkas
  13 ball pythons
  3 frilled lizards (D:1)
  3 hobgoblin zombies (Ossuary)
  23 kobolds
  5 kobold zombies (Ossuary)
  3 orc skeletons (D:5)
  9 orc zombies
  12 rats
  A butterfly (Lair:2)
784 creatures vanquished.

Vanquished Creatures (collateral kills)
  A salamander (Snake:1)
  A black mamba (Snake:1)
  A naga (Snake:1)
3 creatures vanquished.

Vanquished Creatures (others)
  A vault guard (D:13)
  An orc (Orc:1)
  A quokka (D:6)
  20 fungi
  58 plants
  2 withered plants (Gauntlet)
83 creatures vanquished.

Grand Total: 870 creatures vanquished

Notes
Turn   | Place    | Note
-------+----------+-------------------------------------------
     0 | D:1      | Zonian the Vine Stalker Brigand began the quest for the
                  | Orb.
     0 | D:1      | Reached XP level 1. HP: 11/11 MP: 2/2
   345 | D:1      | Reached skill level 1 in Dodging
   345 | D:1      | Reached XP level 2. HP: 15/15 MP: 3/3
   359 | D:1      | Reached skill level 5 in Stealth
   989 | D:1      | Reached XP level 3. HP: 18/18 MP: 4/4
  1342 | D:2      | Found the +7 Throatcutter {drain, coup de grace}
  1401 | D:2      | Found a faded altar of an unknown god.
  1557 | D:2      | Noticed Natasha
  1559 | D:2      | Killed Natasha
  1560 | D:2      | Gained mutation: Your natural rate of healing is unusually
                  | fast. [Vine Stalker growth]
  1560 | D:2      | Reached XP level 4. HP: 23/23 MP: 5/5
  1670 | D:2      | Noticed Natasha
  1898 | D:2      | Killed Natasha
  1901 | D:2      | Identified the +1 chain mail of the Lily {rC++}
  1949 | D:2      | Noticed Natasha
  1956 | D:2      | Killed Natasha
  1957 | D:2      | Reached skill level 1 in Long Blades
  2314 | D:3      | Found a radiant altar of Vehumet.
  2383 | D:3      | Reached XP level 5. HP: 27/27 MP: 6/6
  2481 | D:3      | Found a snail-covered altar of Cheibriados.
  2564 | D:3      | Noticed Sigmund
  2607 | D:3      | Killed Sigmund
  2608 | D:3      | Reached XP level 6. HP: 32/32 MP: 7/7
  3407 | D:3      | Noticed Terence
  3413 | D:3      | Killed Terence
  3575 | D:4      | Reached XP level 7. HP: 35/35 MP: 8/8
  3660 | D:4      | Reached skill level 5 in Long Blades
  3681 | D:4      | Noticed Edmund
  3700 | D:4      | Killed Edmund
  3765 | D:4      | Found Zeotoq's Magic Scroll Boutique.
  3771 | D:4      | Bought a scroll of blinking for 97 gold pieces
  3771 | D:4      | Bought a scroll of identify for 26 gold pieces
  3771 | D:4      | Bought a scroll of fear for 52 gold pieces
  4075 | D:4      | Found a blossoming altar of Fedhas.
  4251 | D:5      | Entered Level 5 of the Dungeon
  4370 | D:5      | Noticed Blork the orc
  4381 | D:5      | Killed Blork the orc
  4382 | D:5      | Gained mutation: You have razor-sharp teeth. [Vine Stalker
                  | growth]
  4382 | D:5      | Reached XP level 8. HP: 37/39 MP: 9/9
  4476 | D:5      | Noticed Grinder
  4662 | D:5      | Found a basalt altar of Yredelemnul.
  4878 | D:5      | Found a sand-covered staircase.
  4885 | Ossuary  | Entered an ossuary
  5003 | Ossuary  | Reached XP level 9. HP: 38/43 MP: 8/10
  5124 | D:5      | Killed Grinder
  5200 | D:5      | Reached skill level 10 in Long Blades
  5399 | D:5      | Identified a scroll of acquirement
  5399 | D:5      | Acquired a +2 cloak of poison resistance
  5436 | D:6      | Found Ugretyu's Jewellery Shoppe.
  5535 | D:6      | Found a white marble altar of Elyvilon.
  5598 | D:6      | Found a sparkling altar of Nemelex Xobeh.
  5741 | D:6      | Found a shimmering altar of Xom.
  5958 | D:6      | Found a hide-covered altar of Uskayaw.
  6022 | D:6      | Found a large runed translucent door.
  6022 | D:6      | Found a large runed translucent door.
  6022 | D:6      | Found a shimmering altar of Xom.
  6063 | D:6      | Became a worshipper of Uskayaw the Reveller
  6290 | D:6      | Reached * piety under Uskayaw
  6291 | D:6      | Reached ** piety under Uskayaw
  6295 | D:6      | Reached *** piety under Uskayaw
  6450 | D:7      | Reached **** piety under Uskayaw
  6451 | D:7      | Reached XP level 10. HP: 35/47 MP: 11/11
  6460 | D:7      | Reached ***** piety under Uskayaw
  6476 | D:7      | Found a flagged portal.
  6489 | Bailey   | Entered a bailey
  7063 | Bailey   | Acquired the +3 pair of seven-league boots {Rampage+∞}
  7063 | Bailey   | Found the +3 pair of seven-league boots {Rampage+∞}
  7336 | Bailey   | Found an iron altar of Okawaru.
  7338 | Bailey   | Noticed a kobold demonologist
  7338 | Bailey   | Noticed a kobold demonologist
  7346 | Bailey   | HP: 2/47 [kobold demonologist/+0 war axe (2)]
  7570 | Bailey   | Noticed a sun demon
  7577 | Bailey   | HP: 2/47 [sun demon[a kobold demonologist] (5)]
  7893 | Bailey   | Killed a kobold demonologist
  7943 | Bailey   | Identified the +5 chain mail of the Sky {rElec rF+ MP+9}
  8050 | D:7      | Found a staircase to the Ecumenical Temple.
  8059 | Temple   | Entered the Ecumenical Temple
  8703 | D:8      | Found a sacrificial altar of Ru.
  9739 | D:6      | Bought a +6 ring of dexterity for 504 gold pieces
  9889 | D:9      | Noticed Grum
  9895 | D:9      | Killed Grum
  9896 | D:9      | Reached XP level 11. HP: 52/52 MP: 12/12
  9901 | D:9      | Found a shimmering blue altar of Sif Muna.
  9958 | D:9      | Reached skill level 1 in Invocations
 10020 | D:9      | Reached ****** piety under Uskayaw
 10026 | D:9      | Reached skill level 2 in Invocations
 10070 | D:9      | Found a staircase to the Orcish Mines.
 10658 | D:10     | Entered Level 10 of the Dungeon
 10683 | D:10     | Noticed Joseph
 10699 | D:10     | Killed Joseph
 10721 | D:10     | Found a stormy altar of Qazlal.
 10973 | D:10     | Identified the +5 dagger "Xoshiym" {drain, rC+}
 11504 | D:11     | Reached skill level 3 in Invocations
 11544 | D:11     | Reached skill level 5 in Fighting
 11602 | D:11     | Found a staircase to the Lair.
 11690 | D:11     | Noticed a two-headed ogre
 11696 | D:11     | Killed a two-headed ogre
 11866 | D:11     | Noticed a cyclops
 11869 | D:11     | Noticed a minotaur
 11878 | D:11     | Found a runed translucent gate.
 11878 | D:11     | Found a runed translucent gate.
 11878 | D:11     | Found a runed translucent gate.
 11880 | D:11     | Noticed Tilon's ghost (journeyman DECj)
 11907 | D:11     | Found Baac Matz's Armour Shoppe.
 12110 | D:11     | Found Ickumnuv's Antique Weapon Boutique.
 12349 | Lair:1   | Entered Level 1 of the Lair of Beasts
 12406 | Lair:1   | Reached skill level 4 in Invocations
 12453 | Lair:1   | Identified the +4 scale mail of Summer {Int+2}
 12471 | Lair:1   | Reached skill level 1 in Shields
 12496 | Lair:1   | Found the +8 demon blade "Leech" {vamp, Harm Drain rN+}
 13163 | Lair:2   | Found a gate leading to a gauntlet.
 13267 | Gauntlet | Entered a Gauntlet
 13267 | Gauntlet | Noticed a death scarab
 13267 | Gauntlet | Found a transporter.
 13267 | Gauntlet | Found a transporter.
 13267 | Gauntlet | Found a transporter.
 13269 | Gauntlet | Noticed a sixfirhy
 13270 | Gauntlet | Found a transporter.
 13272 | Gauntlet | Found a transporter.
 13274 | Gauntlet | Found a large runed translucent door.
 13275 | Gauntlet | Found a large runed translucent door.
 13276 | Gauntlet | Found a large runed translucent door.
 13276 | Gauntlet | Found a large runed translucent door.
 13276 | Gauntlet | Found a runed translucent door.
 13276 | Gauntlet | Found a runed translucent door.
 13277 | Gauntlet | Found a large runed translucent door.
 13277 | Gauntlet | Found a large runed translucent door.
 13277 | Gauntlet | Found a large runed translucent door.
 13277 | Gauntlet | Found a large runed translucent door.
 13278 | Gauntlet | Found a large runed translucent door.
 13278 | Gauntlet | Found a large runed translucent door.
 13279 | Gauntlet | Found a large runed translucent door.
 13279 | Gauntlet | Found a large runed translucent door.
 13280 | Gauntlet | Found a runed translucent gate.
 13280 | Gauntlet | Found a runed translucent gate.
 13280 | Gauntlet | Found a runed translucent gate.
 13282 | Gauntlet | Found a transporter.
 13286 | Gauntlet | Found a transporter.
 13292 | Gauntlet | a swamp worm changed into a death drake
 13292 | Gauntlet | Noticed a death drake (glowing shapeshifter)
 13294 | Gauntlet | Noticed a sun demon
 13295 | Gauntlet | a death drake changed into a mana viper
 13295 | Gauntlet | Noticed a mana viper (glowing shapeshifter)
 13300 | Gauntlet | Found a transporter.
 13303 | Gauntlet | a mana viper changed into a wolf spider
 13303 | Gauntlet | Noticed a wolf spider (glowing shapeshifter)
 13306 | Gauntlet | Found a transporter.
 13306 | Gauntlet | a snapping turtle changed into a cyclops
 13306 | Gauntlet | Noticed a cyclops (glowing shapeshifter)
 13309 | Gauntlet | a cyclops changed into a shock serpent
 13309 | Gauntlet | Noticed a shock serpent (glowing shapeshifter)
 13312 | Gauntlet | Found a transporter.
 13314 | Gauntlet | a shock serpent changed into a water nymph
 13316 | Gauntlet | Found a transporter.
 13321 | Gauntlet | a merfolk changed into a shock serpent
 13321 | Gauntlet | Noticed a shock serpent (glowing shapeshifter)
 13324 | Gauntlet | a shock serpent changed into a snapping turtle
 13327 | Gauntlet | Found a transporter.
 13376 | Gauntlet | Found a large runed translucent door.
 13376 | Gauntlet | Found a large runed translucent door.
 13379 | Gauntlet | Found a large runed translucent door.
 13379 | Gauntlet | Found a large runed translucent door.
 13402 | Gauntlet | a culicivora changed into a mana viper
 13402 | Gauntlet | Noticed a mana viper (glowing shapeshifter)
 13403 | Gauntlet | a mana viper changed into a komodo dragon
 13404 | Gauntlet | Noticed a steelbarb worm
 13410 | Gauntlet | a komodo dragon changed into an entropy weaver
 13410 | Gauntlet | Noticed an entropy weaver (glowing shapeshifter)
 13412 | Gauntlet | an entropy weaver changed into a meliai
 13517 | Gauntlet | Killed a sixfirhy
 13518 | Gauntlet | Reached XP level 12. HP: 46/60 MP: 11/16
 13584 | Gauntlet | Reached skill level 5 in Invocations
 13592 | Gauntlet | a slime creature changed into a broodmother
 13592 | Gauntlet | Noticed a broodmother (shapeshifter)
 13618 | Gauntlet | a broodmother changed into a satyr
 13618 | Gauntlet | Noticed a satyr (shapeshifter)
 13620 | Gauntlet | a satyr changed into a boulder beetle
 13620 | Gauntlet | Noticed a boulder beetle (shapeshifter)
 13684 | Gauntlet | Killed a boulder beetle
 13685 | Gauntlet | Reached skill level 10 in Stealth
 13704 | Gauntlet | Identified the +0 cloak of Objectivity {+Inv Regen+}
 13729 | Gauntlet | Identified the +1 ring mail "Qeupsam" {Drain rElec rPois
                  | Int+6}
 13729 | Gauntlet | Noticed a minotaur
 13739 | Gauntlet | Killed a minotaur
 13756 | Gauntlet | Got Mara's Book of the Flock
 14131 | Lair:2   | Noticed a death yak
 14131 | Lair:2   | Noticed a death yak
 14131 | Lair:2   | Noticed a death yak
 14132 | Lair:2   | Noticed a death yak
 14133 | Lair:2   | Noticed a death yak
 14140 | Lair:2   | Noticed a death yak
 14150 | Lair:2   | Killed a death yak
 14151 | Lair:2   | Killed a death yak
 14446 | Lair:2   | Killed a death yak
 14454 | Lair:2   | Killed a death yak
 14468 | Lair:2   | Killed a death yak
 14472 | Lair:2   | Killed a death yak
 14760 | Lair:3   | Noticed a four-headed hydra
 14766 | Lair:3   | Killed a six-headed hydra
 14880 | Lair:3   | Found a staircase to the Shoals.
 14950 | Lair:3   | Found a staircase to the Snake Pit.
 15035 | Lair:3   | Reached skill level 10 in Fighting
 15091 | Lair:3   | Noticed a four-headed hydra
 15098 | Lair:3   | Killed a one-headed hydra
 15099 | Lair:3   | Reached skill level 6 in Invocations
 15099 | Lair:3   | Reached XP level 13. HP: 72/72 MP: 18/18
 15327 | Lair:3   | Found a frozen archway.
 15403 | Lair:4   | Found a viscous altar of Jiyva.
 15403 | Lair:4   | Found a staircase to the Slime Pits.
 15411 | Lair:4   | Reached skill level 7 in Invocations
 15519 | Lair:4   | Reached skill level 8 in Invocations
 15588 | Lair:4   | Reached skill level 9 in Invocations
 16580 | Lair:5   | Entered Level 5 of the Lair of Beasts
 16710 | Lair:4   | Reached skill level 10 in Invocations
 16712 | Lair:4   | Reached skill level 1 in Evocations
 17210 | Lair:5   | Reached skill level 1 in Armour
 17315 | Lair:5   | Found a shadowy altar of Dithmenos.
 18033 | Lair:5   | Reached XP level 14. HP: 47/77 MP: 18/22
 18501 | Lair:5   | Reached skill level 5 in Evocations
 18600 | Lair:5   | Reached skill level 5 in Dodging
 18782 | Lair:5   | Reached skill level 5 in Armour
 18793 | Lair:5   | Learned a level 1 spell: Necrotise
 18840 | Lair:5   | Reached skill level 1 in Spellcasting
 18840 | Lair:5   | Reached skill level 1 in Necromancy
 19012 | Lair:5   | Reached XP level 15. HP: 80/80 MP: 23/23
 19146 | Lair:5   | Learned a level 4 spell: Animate Dead
 19429 | D:12     | Reached skill level 5 in Throwing
 19752 | D:12     | Found a glowing silver altar of Zin.
 19787 | D:12     | Reached skill level 5 in Spellcasting
 19787 | D:12     | Reached skill level 5 in Necromancy
 20189 | D:13     | Identified the +9 dagger of War {drain, rPois rF+ Dex-3}
 20761 | D:13     | Found a gate to the Vaults.
 20786 | D:13     | Identified the +6 great sword of Rilic {vorpal, rN+}
 20958 | D:14     | Reached skill level 11 in Invocations
 21101 | D:14     | Reached XP level 16. HP: 85/85 MP: 25/25
 21545 | D:15     | Entered Level 15 of the Dungeon
 21804 | D:15     | Reached skill level 12 in Invocations
 21823 | D:15     | Found a staircase to the Depths.
 23246 | Orc:1    | Entered Level 1 of the Orcish Mines
 23246 | Orc:1    | Noticed Urug
 23254 | Orc:1    | Killed Urug
 23304 | Orc:1    | Found Toschuati's Antique Armour Shoppe.
 23313 | Orc:1    | Bought a glowing buckler for 210 gold pieces
 23378 | Orc:1    | Noticed Nergalle
 23422 | Orc:1    | Killed Nergalle
 23424 | Orc:1    | Reached skill level 10 in Necromancy
 23424 | Orc:1    | Reached skill level 13 in Invocations
 23744 | Orc:2    | Entered Level 2 of the Orcish Mines
 23751 | Orc:2    | Found a staircase to the Elven Halls.
 23800 | Orc:2    | Reached skill level 14 in Invocations
 23827 | Orc:2    | Found Jatrah's Jewellery Shoppe.
 23827 | Orc:2    | Found Sohi's Magic Scroll Boutique.
 23848 | Orc:2    | Found Gugryc's Magic Scroll Emporium.
 23848 | Orc:2    | Found Cilo's Assorted Antiques.
 23871 | Orc:2    | Reached XP level 17. HP: 89/89 MP: 29/29
 23898 | Orc:2    | Reached skill level 15 in Invocations
 23969 | Orc:2    | Bought a scroll of teleportation for 90 gold pieces
 23969 | Orc:2    | Bought a pearl ring for 150 gold pieces
 23969 | Orc:2    | Bought a potion of magic for 240 gold pieces
 23969 | Orc:2    | Bought a scroll of teleportation for 90 gold pieces
 23971 | Orc:2    | Bought a scroll of enchant weapon for 105 gold pieces
 23971 | Orc:2    | Bought a scroll of teleportation for 42 gold pieces
 23971 | Orc:2    | Bought a scroll of teleportation for 42 gold pieces
 23971 | Orc:2    | Bought 3 scrolls of enchant armour for 315 gold pieces
 24580 | D:11     | Bought a smoking rapier for 234 gold pieces
 24580 | D:11     | Identified the +0 rapier of the Little People {protect,
                  | *Rage rF- Will+++ rCorr} (You bought it in a shop on level
                  | 11 of the Dungeon)
 24682 | Orc:1    | Bought a pitted scale mail for 252 gold pieces
 24682 | Orc:1    | Identified the +6 scale mail "Wuck" {Stlth+} (You bought it
                  | in a shop on level 1 of the Orcish Mines)
 24968 | Snake:1  | Entered Level 1 of the Snake Pit
 25182 | Snake:1  | Noticed Kirke
 25202 | Snake:1  | Killed Kirke
 25597 | Snake:1  | HP: 4/89 [guardian serpent (12)]
 25598 | Snake:1  | Mangled by a guardian serpent

Illustrated notes

Levels and vault maps discovered:
D:1:      dpeg_arrival_arbitrary_c, layout_basic
D:2:      layout_loops_ring, chequers_ecumenical_altar_simple_redux,
          minivault_14, uniq_natasha
D:3:      layout_basic, lemuel_round_altar, mainiacjoe_overflow_paths,
          grunt_decor_clamped, minivault_14, minmay_distorted, uniq_sigmund,
          uniq_terence
D:4:      layout_loops_ring, lemuel_tele_altar, serial_shops, shop, uniq_edmund
D:5:      nicolae_cairo_tiling_large_dashed, layout_cave_pods,
          lemuel_doored_altar, nicolae_ossuary_entry_catacombs,
          uniq_blork_the_orc, uniq_grinder
D:6:      due_chaos_kobolds, layout_basic, lemuel_crystal_altar,
          xom_teletrap_fun, mainiacjoe_overflow_24_doors, elyvilon_altar_4,
          serial_shops, shop
D:7:      layout_rooms, minmay_temple_entry_statues_fountains, enter_bailey_6,
          minmay_misc_feat_more_columns, dk_rats_in_the_wall
D:8:      layout_basic, amcnicky_altar_gilded
D:9:      layout_basic, mainiacjoe_overflow_small_starburst, david_orc_4,
          skrybe_limestone_x, columned_hall_lemuel, uniq_grum
D:10:     layout_long_grid, nicolae_qazlal_style_of_elements, uniq_joseph
D:11:     layout_roguey, erik_lair_dragon, maelrawn_ghost_gauntlet_escape,
          serial_shops, nicolae_shop_crystal, shop
D:12:     layout_small_grid, zin_academy
D:13:     layout_stronghold, ximxim_vaults_locker_room
D:14:     kb_forest_paths, layout_rooms, minmay_tree_intersection
D:15:     hangedman_depths_entry_civil_slaughter, layout_loops_ring,
          minmay_misc_feat_rows, hangedman_parallel_progression
Temple:   nicolae_temple_bog_church
Lair:1:   statuecave_lemuel, layout_regular_city, dreamdust_deal_with_the_devil,
          st_stairs_10, minivault_11
Lair:2:   layout_loops_ring, gauntlet_entry_generic, lemuel_fruit_fields
Lair:3:   layout_cave_shapes, elwin_shoals_entry_rooms,
          guppyfry_snake_entry_garden, portal_ice_cave_entry_pillars_1,
          lemuel_fruit_fields
Lair:4:   layout_cave_pods, slime_entry_1
Lair:5:   gammafunk_lair_ancient_temple, layout_gridlike, basic_altar,
          st_stairs_12
Snake:1:  layout_misc_corridors, grunt_ministairs_10, grunt_megastairs_3,
          uniq_kirke
Orc:1:    layout_diamond_mine, serial_shops, nicolae_lakefront_shop,
          uniq_nergalle, uniq_urug
Orc:2:    st_orc_ogre_mass, layout_caves

Skill      XL: |  1  2  3  4  5  6  7  8  9 10 11 12 13 14 15 16 17 |
---------------+----------------------------------------------------+-----
Dodging        | 1 3 5 6 |  6.5
Stealth        | 5 6 9 10 | 10.0
Fighting       | 2 3 5 10 | 10.0
Short Blades   | 2 |  2.1
Throwing       | 2 4 5 |  5.0
Long Blades    | 1 3 4 6 9 11 13 | 13.9
Invocations    | 4 6 10 11 14 15 | 15.0
Shields        | 2 4 |  4.0
Evocations     | 4 5 6 |  6.3
Armour         | 3 5 |  5.0
Spellcasting   | 4 5 |  5.0
Necromancy     | 4 7 10 | 10.0
Maces & Flails | |  0.1

Action                   |  1- 3 |  4- 6 |  7- 9 | 10-12 | 13-15 | 16-18 || total
-------------------------+-------+-------+-------+-------+-------+-------++-------
Melee: Dagger            |    16 |       |       |       |    29 |   147 ||   192
       Bite              |     6 |     7 |    36 |   130 |   203 |   246 ||   628
       Whip              |    15 |       |       |       |       |       ||    15
       Long sword        |    11 |    48 |   177 |   468 |   508 |   479 ||  1691
       Punch             |       |     1 |       |     1 |       |       ||     2
Throw: Dart              |    43 |    18 |    25 |    34 |       |    18 ||   138
       Javelin           |       |       |       |     5 |       |     1 ||     6
       Throwing net      |       |       |       |     2 |       |       ||     2
 Cast: Necrotise         |       |       |       |       |       |     6 ||     6
       Animate Dead      |       |       |       |       |       |     1 ||     1
Invok: Line Pass         |       |       |       |     1 |       |     1 ||     2
       Grand Finale      |       |       |       |       |     1 |       ||     1
Evoke: Wand              |       |       |       |     5 |     4 |     6 ||    15
  Use: Scroll            |       |    10 |     8 |    21 |     7 |     4 ||    50
       Potion            |       |       |       |     1 |     2 |     2 ||     5
 Stab: Sleeping          |     4 |     7 |    12 |    13 |     1 |     9 ||    46
       Paralysed         |       |       |     2 |    26 |    64 |    48 ||   140
       Confused          |       |       |       |     2 |       |       ||     2
       Invisible         |       |       |       |     4 |       |       ||     4
       Held in net/web   |       |       |       |     3 |       |       ||     3
Armor: Robe              |     6 |       |       |       |       |       ||     6
       Leather armour    |     6 |     7 |    44 |    46 |       |       ||   103
       Scale mail        |       |       |       |    73 |       |       ||    73
       Ring mail         |       |       |       |     8 |   164 |   175 ||   347
Dodge: Dodged            |    17 |    23 |    91 |   125 |   195 |   209 ||   660
Block: Buckler           |       |       |       |    44 |   203 |   324 ||   571
       Reflection        |       |       |       |       |     2 |     3 ||     5

Table legend: (Time is in decaauts)
 A = Elapsed time spent in this place.
 B = Non-inter-level travel time spent in this place.
 C = Inter-level travel time spent in this place.
 D = Time resting spent in this place.
 E = Time spent auto-exploring this place.
 F = Levels seen in this place.
 G = Mean time per level.
                   A        B        C        D        E       F      G
               +--------+--------+--------+--------+--------+-----+--------+
         Total |  25208 |  23454 |   1754 |   4568 |  12550 |  27 |  933.6 |
       Dungeon |  14827 |  13500 |   1327 |   1785 |   8456 |  15 |  988.5 |
        Temple |     14 |      7 |      7 |      0 |      5 |   1 |   14.0 |
          Lair |   6388 |   6053 |    335 |   1666 |   2997 |   5 | 1277.6 |
     Snake Pit |    578 |    578 |      0 |    210 |    187 |   1 |  578.0 |
  Orcish Mines |   1211 |   1128 |     83 |      0 |    795 |   2 |  605.5 |
       Ossuary |    150 |    150 |      0 |      0 |      0 |   1 |  150.0 |
        Bailey |   1527 |   1527 |      0 |    869 |    110 |   1 | 1527.0 |
      Gauntlet |    509 |    509 |      0 |     37 |      0 |   1 |  509.0 |
               +--------+--------+--------+--------+--------+-----+--------+

Top non-repeatable levels by time:
  Lair:4: 2498 daAuts
  Bailey: 1527 daAuts
     D:1: 1324 daAuts
     D:9: 1290 daAuts
     D:3: 1276 daAuts
  Lair:5: 1252 daAuts
  Lair:2: 1126 daAuts
    D:11: 1126 daAuts
    D:15: 1121 daAuts
     D:5: 1060 daAuts
    D:14: 994 daAuts
     D:2: 975 daAuts
     D:6: 974 daAuts
    D:13: 890 daAuts
    D:10: 834 daAuts
